Map: Prüfung von Aiur LE

Players

Panda

  • Race: Zerg Zerg
  • League: Diamond
  • Spawn Location: 11:00

Jsvift - Winner!

  • Race: Zerg Zerg
  • League: Diamond
  • Spawn Location: 5:00

VOD

Have the link to the VOD?

Description

Time

  • Played on: Sept. 7, 2017, 8:49 a.m.
  • Length: 17:09
Show
View Real Time Build Order
Export as new Build Order

Panda Zerg 

Build Orders: Pool First 

Get SALT Encoding   

  12  0:01  Drone  
  13  0:15  Extractor  
  13  0:18  Drone x2  
  14  0:28  Overlord  
  14  0:41  Spawning Pool  
  13  0:47  Drone  
  13  0:49  Drone  
  15  0:54  Drone  
  16  1:01  Drone  
  17  1:11  Drone  
  18  1:31  Hatchery  
  17  1:40  Zergling x2  
  17  1:41  Overlord  
  18  1:48  Metabolic Boost  
  18  1:51  Drone  
  19  1:57  Drone  
  20  2:09  Drone  
  20  2:14  Queen  
  23  2:20  Drone  
  24  2:28  Drone  
  25  2:42  Drone  
  26  2:48  Drone  
  26  2:50  Drone  
  27  3:04  Spine Crawler  
  26  3:05  Spine Crawler  
  26  3:07  Spine Crawler, Drone x2  
  26  3:08  Drone, Evolution Chamber  
  26  3:11  Queen  
  28  3:15  Roach Warren  
  28  3:18  Drone  
  28  3:34  Spine Crawler, Drone x3  
  28  3:35  Drone  
  28  3:40  Queen  
  33  3:43  Drone x2  
  35  3:48  Overlord  
  35  3:53  Overlord  
  35  4:10  Drone x2  
  35  4:11  Drone x3  
  35  4:12  Drone x2  
  42  4:20  Roach  
  44  4:28  Roach  
  46  4:41  Roach x2  
  46  4:44  Spine Crawler x2, Roach  
  50  4:47  Overlord  
  50  5:00  Queen  
  48  5:10  Zergling x4  
  44  5:20  Roach x8  
  54  5:32  Drone x2  
  54  5:33  Drone  
  54  5:34  Drone  
  58  5:48  Drone  
  58  5:49  Overlord x2  
  59  5:58  Overlord x2  
  59  6:04  Zerg Missile Weapons Level 1  
  59  6:07  Queen  
  61  6:11  Roach x2, Evolution Chamber  
  61  6:12  Roach  
  66  6:20  Roach  
  68  6:29  Roach, Drone  
  68  6:30  Drone x2  
  68  6:32  Extractor  
  72  6:33  Extractor  
  72  6:37  Overlord x2  
  70  6:50  Drone x3  
  70  6:51  Drone x2  
  75  7:02  Roach x2  
  75  7:04  Hatchery  
  78  7:10  Extractor  
  77  7:19  Lair  
  77  7:20  Overlord x3  
  77  7:28  Roach x4  
  85  7:44  Zerg Ground Armor Level 1  
  85  7:46  Roach  
  85  7:49  Zergling x2  
  85  7:50  Zergling x10  
  93  8:09  Zergling x2  
  93  8:10  Zergling x12  
  100  8:17  Roach  
  100  8:18  Roach  
  104  8:24  Zerg Missile Weapons Level 2  
  104  8:26  Glial Reconstitution  
  104  8:29  Queen  
  104  8:30  Drone x2  
  108  9:01  Roach x11  
  104  9:12  Spore Crawler  
  104  9:13  Spore Crawler  
  104  9:15  Spore Crawler, Queen  
  104  9:16  Spore Crawler  
  88  9:23  Spore Crawler  
  85  9:24  Spore Crawler  
  85  9:30  Spore Crawler  
  69  10:01  Roach  
  69  10:03  Roach x6  
  69  10:04  Roach x2  
  77  10:13  Roach  
  71  10:14  Roach  
  71  10:15  Roach x2  
  69  10:21  Hydralisk Den  
  64  10:33  Queen  
  58  10:37  Roach x2  
  52  10:52  Roach x2  
  52  10:53  Roach x2  
  58  11:01  Hydralisk  
  58  11:02  Hydralisk  
  62  11:29  Roach x3  
  62  11:30  Hydralisk x2  
  72  11:58  Drone  
  72  11:59  Drone x6  
  72  12:00  Drone x2  
  81  12:07  Spore Crawler  
  80  12:10  Roach  
  80  12:11  Spore Crawler  
  80  12:14  Drone  
  82  12:25  Drone x3  
  82  12:26  Drone x2  
  87  12:32  Hydralisk  
  89  12:44  Hydralisk  
  89  12:45  Hydralisk x2  
  95  12:53  Queen  
  95  12:56  Drone  
  95  12:57  Drone  
  99  13:09  Hydralisk x3  
  105  13:17  Drone  
  106  13:32  Hydralisk  
  106  13:33  Hydralisk x5  
  116  13:39  Roach x2  
  122  13:43  Overlord  
  122  14:13  Roach  
  122  14:14  Roach x3, Overlord x2  
  130  14:35  Hydralisk  
  130  14:36  Hydralisk x5  
  142  14:39  Zerg Ground Armor Level 2  
  142  14:44  Muscular Augments  
  142  14:53  Zergling x2  
  142  14:54  Zergling x6  
  142  14:59  Hatchery  
  145  15:04  Ravager  
  146  15:12  Overlord x4  
  146  15:13  Overlord x2  
  146  15:36  Hatchery  
  82  16:07  Hydralisk x13  
  82  16:08  Hydralisk x3  
  100  16:14  Queen, Drone  
  103  16:32  Roach  
  105  16:33  Roach x5  
  85  16:48  Roach x3  
Show
View Real Time Build Order
Export as new Build Order

Jsvift Zerg - Winner!

Build Orders: Pool First, Ravager All-In 

Get SALT Encoding   

  12  0:02  Drone  
  13  0:12  Overlord  
  13  0:17  Drone  
  14  0:34  Spawning Pool  
  13  0:37  Drone  
  13  0:41  Drone  
  15  0:45  Drone  
  16  0:51  Extractor  
  16  0:53  Extractor  
  16  0:54  Drone  
  15  0:59  Drone  
  16  1:10  Drone  
  17  1:21  Queen  
  19  1:28  Roach Warren  
  18  1:34  Overlord  
  18  1:43  Drone  
  18  1:44  Drone  
  20  1:55  Drone  
  21  2:05  Drone  
  22  2:15  Roach  
  24  2:29  Roach  
  30  2:30  Roach x2  
  30  2:32  Overlord  
  30  2:44  Hatchery  
  29  2:52  Roach  
  31  3:08  Roach x3  
  37  3:19  Drone  
  38  3:20  Overlord  
  38  3:33  Lair  
  38  3:43  Roach x3  
  38  3:46  Ravager x2  
  46  3:54  Overlord  
  46  3:56  Ravager  
  46  4:02  Ravager  
  48  4:16  Roach x2  
  49  4:40  Ravager  
  49  4:42  Roach  
  37  5:18  Roach x4  
  37  5:19  Roach x2  
  49  5:26  Queen  
  51  5:34  Ravager  
  52  5:50  Drone  
  52  5:51  Drone x3  
  52  5:55  Ravager  
  57  6:08  Hatchery  
  56  6:12  Drone  
  56  6:13  Drone x3  
  60  6:19  Overlord x2  
  60  6:20  Overlord  
  60  6:35  Overlord x4  
  60  6:40  Drone x2  
  60  6:44  Spire  
  61  6:56  Drone x2  
  61  6:57  Drone x3  
  61  7:00  Extractor  
  65  7:01  Extractor  
  65  7:07  Glial Reconstitution  
  64  7:09  Drone x2  
  64  7:13  Drone  
  67  7:17  Drone  
  67  7:18  Drone  
  69  7:24  Drone x3  
  72  7:31  Drone x3  
  75  7:37  Queen  
  77  7:47  Spore Crawler  
  77  7:50  Spine Crawler, Drone x2  
  77  7:57  Drone  
  77  7:58  Drone x3  
  81  8:09  Drone  
  81  8:10  Drone x5  
  87  8:24  Spore Crawler, Mutalisk x3  
  92  8:29  Drone x3  
  95  8:37  Mutalisk x3  
  101  8:47  Drone x2  
  103  8:52  Extractor  
  103  8:53  Extractor  
  103  8:54  Mutalisk  
  103  8:55  Roach, Mutalisk x3  
  103  9:13  Roach x2  
  103  9:14  Roach  
  103  9:16  Roach  
  100  9:35  Hatchery  
  86  10:19  Mutalisk  
  86  10:20  Roach, Mutalisk x4  
  92  10:35  Mutalisk  
  73  10:54  Mutalisk  
  73  10:55  Mutalisk  
  73  11:01  Roach  
  73  11:05  Roach x2  
  73  11:10  Hatchery  
  74  11:25  Mutalisk  
  74  11:26  Mutalisk  
  76  11:38  Roach x7  
  84  11:54  Mutalisk  
  86  12:02  Drone  
  86  12:03  Drone x2  
  86  12:05  Drone  
  86  12:06  Drone x3  
  93  12:23  Drone  
  93  12:24  Drone x2  
  96  12:31  Evolution Chamber  
  96  12:32  Evolution Chamber  
  96  12:33  Extractor  
  96  12:35  Extractor  
  92  12:51  Drone x3  
  94  12:52  Drone x3  
  97  13:03  Roach x4  
  105  13:08  Spine Crawler  
  105  13:09  Hatchery  
  105  13:12  Roach  
  105  13:13  Overlord x4  
  105  13:14  Overlord  
  105  13:18  Overlord  
  105  13:20  Zerg Missile Weapons Level 1  
  105  13:21  Zerg Ground Armor Level 1  
  105  13:22  Zerg Flyer Weapons Level 1  
  105  13:31  Queen  
  107  13:36  Roach  
  107  13:37  Roach x6  
  121  13:42  Spine Crawler  
  121  13:46  Queen  
  122  13:50  Roach x2  
  122  13:55  Infestation Pit  
  125  13:57  Overseer  
  125  14:02  Roach x3  
  131  14:07  Queen  
  133  14:13  Roach x4  
  133  14:14  Roach  
  143  14:27  Queen  
  143  14:29  Drone x7  
  152  14:33  Ravager x4  
  152  14:34  Ravager x2  
  152  14:37  Ravager  
  152  14:38  Ravager  
  160  15:06  Extractor  
  159  15:08  Extractor  
  159  15:10  Hive  
  158  15:16  Ravager x2  
  158  15:20  Overlord  
  158  15:21  Overlord x7  
  160  15:42  Roach x3  
  174  15:43  Roach x8  
  160  15:55  Roach x5  
  160  15:56  Roach x2  
  143  16:03  Roach  
  137  16:04  Roach x2  
  134  16:15  Roach  
  134  16:16  Roach x2  
  140  16:26  Drone  
  140  16:27  Drone  
  140  16:36  Hatchery  
Tags
 
Add a new tag
Caveats
  • Supply blocks, unpowered buildings, or Contaminate may cause inaccurate times.
  • Supply counts are checked every 10 seconds.